 Dungeon Crawl Stone Soup version 0.30-a0-626-gd6a5dd7a1f (webtiles) character file.

Game seed: 17749790111120667966

5375 bande the Cleaver (level 10, -13/94 HPs)
             Began as a Gargoyle Fighter on Jan 12, 2023.
             Was a Priest of Okawaru.
             Frozen to death by billz999's ghost (19 damage)
             ... on level 8 of the Dungeon.
             The game lasted 00:14:28 (7301 turns).

bande the Cleaver (Gargoyle Fighter)                Turns: 7301, Time: 00:14:28

Health: -13/94     AC: 29    Str: 20    XL:     10   Next: 66%
Magic:  11/11      EV: 21    Int:  9    God:    Okawaru [***...]
Gold:   583        SH:  5    Dex: 13    Spells: 9/9 levels left

rFire   . . .      SeeInvis .    E - +0 flail
rCold   . . .      Faith    .    c - +0 buckler
rNeg    + . .      Spirit   .    l - +0 plate armour
rPois   ∞          Reflect  .    (helmet restricted)
rElec   +          Harm     .    C - +2 cloak
rCorr   .          Rampage  .    v - +1 pair of gloves
Will    .....      Clarity  +    (no boots) Stlth
                                 k - amulet of the acrobat
HPRegen 0.35/turn                f - +4 ring of protection
MPRegen 0.12/turn                (no ring)

@: mighty, berserking (expiring), acrobatic, very quick
A: sickness immunity, AC +7, negative energy resistance 1, electricity
resistance, torment resistance 1, petrification resistance, beak, clarity, low
MP 1
a: Renounce Religion, Heroism


You were on level 8 of the Dungeon.
You worshipped Okawaru.
Okawaru was most pleased with you.
You visited 2 branches of the dungeon, and saw 9 of its levels.
You also visited: Sewer.

You collected 583 gold pieces.

Inventory:

Hand Weapons
 a - a +1 war axe
 E - a +0 flail (weapon)
Missiles
 t - a throwing net (quivered)
Armour
 c - a +0 buckler (worn)
 l - a +0 plate armour (worn)
 v - a +1 pair of gloves (worn)
 C - a +2 cloak (worn)
Jewellery
 f - a +4 ring of protection (left hand)
 h - a ring of fire
 i - a ring of fire
 k - an amulet of the acrobat (around neck)
 x - a ring of wizardry
 B - an amulet of magic regeneration
Wands
 m - a wand of mindburst (14)
 u - a wand of acid (10)
 F - a wand of iceblast (24)
Scrolls
 b - 4 scrolls of fog
 g - a scroll of teleportation
 p - a scroll of enchant armour
 w - a scroll of blinking
 y - 2 scrolls of magic mapping
 D - 2 scrolls of amnesia
Potions
 d - 3 potions of might
 e - a potion of berserk rage
 j - 2 potions of ambrosia
 n - 3 potions of degeneration {unknown}
 o - a potion of brilliance {unknown}
 q - 3 potions of haste
 r - 2 potions of invisibility {unknown}
 s - 6 potions of curing
 z - a potion of heal wounds
 A - 3 potions of flight
 G - a potion of cancellation {unknown}


   Skills:
 + Level 7.1 Fighting
 + Level 9.5 Axes
 + Level 6.7 Armour
 - Level 0.2 Dodging
 + Level 6.8 Shields
 * Level 4.1 Invocations
 * Level 4.8 Evocations


You had 9 spell levels left.
You didn't know any spells.
Your spell library contained the following spells:

 Spells                   Type           Power      Damage    Failure   Level
 Beastly Appendage        Tmut           0%         N/A       100%        1
 Shock                    Conj/Air       0%         1d3       100%        1
 Blink                    Tloc           0%         N/A       100%        2
 Ensorcelled Hibernation  Hex/Ice        0%         N/A       100%        2
 Momentum Strike          Conj/Tloc      0%         3d8       100%        2
 Wereblood                Tmut           0%         N/A       100%        2
 Lesser Beckoning         Tloc           0%         N/A       100%        3
 Spider Form              Tmut/Pois      0%         N/A       100%        3
 Swiftness                Air            0%         N/A       100%        3
 Airstrike                Air            0%         2d(0-16)  100%        4
 Anguish                  Hex/Necr       0%         N/A       100%        4


Dungeon Overview and Level Annotations

Branches:
Dungeon (8/15)             Temple (1/1) D:6           Sewer (visited)
   Lair: D:8-11

Altars:
Dithmenos
Elyvilon
Gozag
Hepliaklqana
Makhleb
Okawaru
Qazlal
Ru
Trog
Uskayaw
Xom
Zin

Shops:
D:7 (

Annotations:
D:8 billz999's ghost, novice DjIE


Innate Abilities, Weirdness & Mutations

You are immune to sickness and miasma.
Your stone body is resilient. (AC +7)
You are immune to poison.
You resist negative energy. (rN+)
You are resistant to electric shocks. (rElec)
You are resistant to unholy torment.
You are immune to petrification.
You have a beak for a mouth.
You possess an exceptional clarity of mind.
Your magical capacity is low. (-10% MP)


Message History

The nine-headed hydra bites you.
* * * LOW HITPOINT WARNING * * *
You block the nine-headed hydra's attack.
Billz999's ghost hits you.
* * * LOW HITPOINT WARNING * * *
You barely miss the nine-headed hydra.
The nine-headed hydra is almost dead.
The nine-headed hydra closely misses you.
The nine-headed hydra completely misses you.
The nine-headed hydra bites you but does no damage.
The nine-headed hydra barely misses you.
You block the nine-headed hydra's attack.
The nine-headed hydra completely misses you.
The nine-headed hydra bites you but does no damage.
You block the nine-headed hydra's attack.
The nine-headed hydra barely misses you.
Unknown command.
You completely miss the nine-headed hydra.
You peck the nine-headed hydra.
The nine-headed hydra is almost dead.
Billz999's ghost freezes you.
You are frozen.
* * * LOW HITPOINT WARNING * * *
You block the nine-headed hydra's attack.
The nine-headed hydra bites you but does no damage. x2
The nine-headed hydra bites you.
* * * LOW HITPOINT WARNING * * *
The nine-headed hydra barely misses you. x2
The nine-headed hydra bites you but does no damage. x3
You sock the nine-headed hydra!
You kill the nine-headed hydra!
Okawaru is honoured by your kill. Billz999's ghost hits you.
* * * LOW HITPOINT WARNING * * *
Your Fighting skill increases to level 7!
Your Invocations skill increases to level 4!
Unknown command.
Billz999's ghost freezes you.
You are frozen!!
You die...

..#####.# #...###'#'#### ..+.#
#.####...# ###.# ###.#
#....#.>##♣♣♣###
##..######...##♣(..~##########
'......# #.###.?.....#.....†.#
#......###.#.#~..)..~#######.#
#......).....#......~#######.##
.............##.....##........#
..............##@W'##...<.....###
#...............................#
#.............................#.#
#......###'#...............§....#
#......# #..............≈§§§≈§..#
#......# ####...........≈≈§§≈≈..#
#......# #######.....≈§§.≈≈..#
#......# ###.#.≈≈_.≈≈..# ########
#.#.§≈≈≈≈≈..#


You could see billz999's ghost.

Vanquished Creatures
  A hydra (D:8)
  Prince Ribbit (D:7)
  Sigmund (D:3)
  2 wraiths (D:6)
  3 yaks (D:8)
  2 steam dragons (D:7)
  Menkaure (D:7)
  2 sky beasts (D:6)
  4 ice beasts
  4 black bears
  An ogre (D:5)
  A centaur (D:8)
  2 kobold brigands
  A phantom (D:4)
  A bullfrog (D:8)
  2 necrophages
  A gnoll sergeant (D:6)
  6 scorpions
  12 killer bees
  2 howler monkeys
  A crimson imp (D:7)
  Crazy Yiuf (D:7)
  A gnoll bouda (D:4)
  2 jellies
  5 hounds
  An iguana (D:6)
  4 orc wizards
  Natasha (thrice) (D:4)
  Robin (D:4)
  6 gnolls
  7 adders
  3 river rats (Sewer)
  A shadow imp (D:7)
  A white imp (D:6)
  4 ufetubi
  A worm (D:3)
  6 dart slugs
  11 orcs
  4 ball pythons
  6 endoplasms
  3 giant cockroaches
  24 goblins
  10 hobgoblins (D:4)
  10 jackals
  15 kobolds
  7 quokkas
  6 bats
  6 frilled lizards
  9 rats
209 creatures vanquished.

Vanquished Creatures (others)
  4 plants (D:8)
4 creatures vanquished.

Grand Total: 213 creatures vanquished

Notes
Turn   | Place    | Note
-------+----------+-------------------------------------------
     0 | D:1      | bande the Gargoyle Fighter began the quest for the Orb.
     0 | D:1      | Reached XP level 1. HP: 14/14 MP: 1/1
   215 | D:1      | Reached XP level 2. HP: 19/19 MP: 2/2
   294 | D:1      | Reached skill level 2 in Axes
   449 | D:1      | Reached XP level 3. HP: 19/24 MP: 3/3
   931 | D:2      | Reached XP level 4. HP: 29/29 MP: 4/4
   993 | D:2      | Found a burning altar of Makhleb.
  1477 | D:3      | Identified the +7 spear of the Crushed Stories {freeze,
                  | rElec}
  1538 | D:3      | Noticed a necrophage
  1595 | D:3      | Killed a necrophage
  1596 | D:3      | Reached skill level 3 in Axes
  1596 | D:3      | Reached XP level 5. HP: 33/33 MP: 5/5
  1769 | D:3      | Noticed Sigmund
  1777 | D:3      | Killed Sigmund
  1778 | D:3      | Reached skill level 4 in Axes
  1778 | D:3      | Reached XP level 6. HP: 32/39 MP: 6/6
  2381 | D:4      | Gained mutation: Your mind is acute. (Int +4, Str/Dex -1)
                  | [potion of mutation]
  2381 | D:4      | Gained mutation: You are frail. (-10% HP) [potion of
                  | mutation]
  2381 | D:4      | Gained mutation: You possess an exceptional clarity of
                  | mind. [potion of mutation]
  2381 | D:4      | Gained mutation: You have large cloven feet. [potion of
                  | mutation]
  2382 | D:4      | Lost mutation: You are frail. (-10% HP) [potion of
                  | mutation]
  2382 | D:4      | Lost mutation: Your mind is acute. (Int +4, Str/Dex -1)
                  | [potion of mutation]
  2382 | D:4      | Lost mutation: You have large cloven feet. [potion of
                  | mutation]
  2382 | D:4      | Gained mutation: Your magical capacity is low. (-10% MP)
                  | [potion of mutation]
  2382 | D:4      | Gained mutation: You have a beak for a mouth. [potion of
                  | mutation]
  2443 | D:4      | Noticed Natasha
  2451 | D:4      | Reached skill level 5 in Axes
  2451 | D:4      | Reached XP level 7. HP: 44/44 MP: 6/6
  2455 | D:4      | Killed Natasha
  2471 | D:4      | Noticed Natasha
  2480 | D:4      | Killed Natasha
  2629 | D:4      | Noticed Robin
  2651 | D:4      | Killed Robin
  2762 | D:4      | Noticed Natasha
  2775 | D:4      | Killed Natasha
  3176 | D:4      | Reached skill level 5 in Fighting
  3318 | D:5      | Entered Level 5 of the Dungeon
  3362 | D:5      | Reached skill level 6 in Axes
  3445 | D:5      | Reached skill level 5 in Shields
  3445 | D:5      | Reached XP level 8. HP: 47/49 MP: 7/7
  3488 | D:5      | Reached skill level 1 in Evocations
  3514 | D:5      | Found a hide-covered altar of Uskayaw.
  3749 | D:5      | Found an opulent altar of Gozag.
  3772 | D:5      | Reached skill level 5 in Armour
  4085 | D:6      | Found a glowing silver altar of Zin.
  4128 | D:7      | Noticed Menkaure
  4137 | D:7      | Killed Menkaure
  4138 | D:7      | Reached skill level 7 in Axes
  4191 | D:6      | Found a staircase to the Ecumenical Temple.
  4213 | D:6      | Found a sacrificial altar of Ru.
  4325 | D:6      | Reached XP level 9. HP: 51/55 MP: 8/8
  4376 | D:6      | Found a glowing drain.
  4389 | Sewer    | Entered a sewer
  4494 | Sewer    | Found a white marble altar of Elyvilon.
  4800 | D:6      | Found a shadowy altar of Dithmenos.
  4997 | D:6      | Identified the +8 trident of Accidental Termination {speed,
                  | Fragile Will+ Dex+5}
  5063 | Temple   | Entered the Ecumenical Temple
  5103 | Temple   | Became a worshipper of Warmaster Okawaru
  5261 | D:6      | Reached skill level 8 in Axes
  5280 | D:6      | Reached skill level 1 in Invocations
  5290 | D:6      | Reached * piety under Okawaru
  5727 | D:7      | Noticed Prince Ribbit
  5740 | D:7      | Killed Prince Ribbit
  5753 | D:7      | Found a burning altar of Makhleb.
  5753 | D:7      | Found a shimmering altar of Xom.
  5823 | D:7      | Found Dacuil's Weapon Boutique.
  5837 | D:7      | Reached ** piety under Okawaru
  5844 | D:7      | Reached XP level 10. HP: 37/61 MP: 10/10
  6231 | D:7      | Found a runed translucent door.
  6234 | D:7      | Noticed Crazy Yiuf
  6350 | D:7      | Killed Crazy Yiuf
  6483 | D:8      | Reached skill level 9 in Axes
  6510 | D:8      | Found a hazy altar of Hepliaklqana.
  6635 | D:8      | Found a runed translucent gate.
  6683 | D:8      | Found a runed translucent gate.
  6683 | D:8      | Noticed a nine-headed hydra
  6684 | D:8      | Noticed billz999's ghost (novice DjIE)
  6976 | D:8      | Found a runed translucent gate.
  6984 | D:8      | Found a stormy altar of Qazlal.
  7016 | D:8      | Reached *** piety under Okawaru
  7300 | D:8      | Killed a nine-headed hydra
  7301 | D:8      | Frozen to death by billz999's ghost

Illustrated notes

Levels and vault maps discovered:
D:1:      dpeg_arrival_simpleton_c, layout_basic
D:2:      layout_loops_ring, basic_altar, hangedman_abyss_or_decor_lesser_grid,
          st_stairs_4
D:3:      layout_basic, minmay_joined_circles, uniq_sigmund
D:4:      layout_loops_ring, uniq_robin, uniq_natasha
D:5:      layout_loops_cross, nicolae_uskayaw_dance_hall,
          mainiacjoe_overflow_paths
D:6:      minmay_opposing_rooms, layout_basic, mainiacjoe_overflow_catwalk,
          kennysheep_little_box, mainiacjoe_overflow_alcove_4,
          minmay_temple_entry_mini_moons, portal_sewer_entry_b,
          minmay_misc_feat_four_crosses, hangedman_decor_points
D:7:      layout_basic, grunt_temple_overflow_champion_of_chaos, serial_shops,
          nicolae_shop_advertising_works [nicolae_subvault_shop_adworks],
          nicolae_figureground_sparkle, uniq_crazy_yiuf_cottage,
          uniq_prince_ribbit1, uniq_menkaure
D:8:      nicolae_cairo_tiling_large, layout_basic, general_overflow_altar,
          nicolae_hepliaklqana_hazy_memory, gammafunk_ghost_hydra_chop,
          reono_crystal_passage
Temple:   eino_wide_crystal_templ

Skill      XL: |  1  2  3  4  5  6  7  8  9 10 |
---------------+-------------------------------+-----
Axes           | 2 3 4 5 6 7 8 9 |  9.5
Fighting       | 4 5 6 7 |  7.1
Armour         | 4 5 6 |  6.7
Shields        | 4 5 6 |  6.8
Evocations     | 2 4 |  4.8
Invocations    | 2 4 |  4.1
Dodging        | |  0.2

Action                   |  1- 3 |  4- 6 |  7- 9 | 10-12 || total
-------------------------+-------+-------+-------+-------++-------
Melee: War axe           |   104 |   130 |   394 |   139 ||   767
       Peck              |       |     3 |    74 |    31 ||   108
       Flail             |       |       |       |    11 ||    11
  Use: Scroll            |       |    11 |     5 |     2 ||    18
       Potion            |       |     2 |       |     2 ||     4
Armor: Scale mail        |    54 |       |       |       ||    54
       Plate armour      |    23 |    89 |   423 |   201 ||   736
Dodge: Dodged            |    53 |    35 |   189 |    81 ||   358
Block: Buckler           |    27 |    40 |   124 |    70 ||   261

Table legend: (Time is in decaauts)
 A = Elapsed time spent in this place.
 B = Non-inter-level travel time spent in this place.
 C = Inter-level travel time spent in this place.
 D = Time resting spent in this place.
 E = Time spent auto-exploring this place.
 F = Levels seen in this place.
 G = Mean time per level.
                   A        B        C        D        E       F      G
               +--------+--------+--------+--------+--------+-----+--------+
         Total |   7567 |   7359 |    208 |    499 |   4852 |  10 |  756.7 |
       Dungeon |   7270 |   7062 |    208 |    499 |   4687 |   8 |  908.8 |
        Temple |     48 |     48 |      0 |      0 |     31 |   1 |   48.0 |
         Sewer |    248 |    248 |      0 |      0 |    134 |   1 |  248.0 |
               +--------+--------+--------+--------+--------+-----+--------+

Top non-repeatable levels by time:
     D:6: 1205 daAuts
     D:4: 1074 daAuts
     D:3: 1058 daAuts
     D:8: 915 daAuts
     D:7: 879 daAuts
     D:5: 787 daAuts
     D:1: 762 daAuts
     D:2: 589 daAuts
   Sewer: 248 daAuts
  Temple: 48 daAuts
